 Dungeon Sprint DCSS version 0.28.0-1-gb440e238dd (webtiles) character file.

Game seed: 17603330243819366968

823 boopmooplesden the Protected (level 7, -5/67 HPs)
             Began as a Minotaur Fighter on Feb 21, 2022.
             Slain by a wyvern (9 damage)
             ... in the Dungeon (Sprint II: "The Violet Keep of Menkaure").
             The game lasted 00:00:56 (270 turns).

boopmooplesden the Protected (Minotaur Fighter)      Turns: 270, Time: 00:00:56

Health: -5/67      AC:  9    Str: 21      XL:     7   Next: 63%
Magic:  6/6        EV: 10    Int:  1      God:
Gold:   243        SH:  6    Dex:  8 (9)  Spells: 6/6 levels left

rFire   . . .      SeeInvis .   a - +0 war axe
rCold   . . .      Faith    .   c - +0 buckler
rNeg    . . .      Spirit   .   b - +0 scale mail
rPois   .          Reflect  .   (helmet restricted)
rElec   .          Harm     .   (no cloak)
rCorr   .          Rampage  .   (no gloves)
Will    .....      Rage     3%  (no boots)
Stlth   .......... NoTele   +   (no amulet)
HPRegen 0.21/turn               (no ring)
MPRegen 0.10/turn               (no ring)

@: slowed, lost intelligence, unable to read, very slow
A: horns 2, retaliatory headbutt, berserk 2, deterioration 1, dopey 2, frail 1,
screaming 1, weak 1
a: no special abilities


You were in the Dungeon.
You visited 1 branch You collected 243 gold pieces.

Inventory:

Hand Weapons
 a - a +0 war axe (weapon)
Armour
 b - a +0 scale mail (worn)
 c - a +0 buckler (worn)
Scrolls
 j - a scroll of blinking
Potions
 g - a potion of haste
 h - 2 potions of magic
 i - a potion of berserk rage


   Skills:
 + Level 11.7 Fighting
 + Level 8.4 Axes
 + Level 11.8 Armour
 + Level 1.2 Dodging
 + Level 10.1 Shields


You had 6 spell levels left.
You didn't know any spells.
Your spell library was empty.

Dungeon Overview and Level Annotations

Branches:
Dungeon (1/1)

Altars:


Innate Abilities, Weirdness & Mutations

You have a pair of horns on your head.
You reflexively headbutt those who attack you in melee.
You often lose your temper in combat.
Your body sometimes deteriorates upon taking damage.
You are very dopey. (Int -4)
You are frail. (-10% HP)
You occasionally shout uncontrollably at your foes.
You are weak. (Str -2)


Message History

The wyvern bites you.
The wyvern bites you but does no damage.
You block the wyvern's attack.
You completely miss the wyvern.
The wyvern is severely wounded.
The wyvern bites you but does no damage.
The wyvern bites you!
You barely miss the wyvern.
The wyvern is severely wounded.
The wyvern bites you!
Your body deteriorates!
You feel dopey. The wyvern barely misses you. You furiously retaliate!
You headbutt the wyvern, but do no damage.
The wyvern bites you but does no damage.
You completely miss the wyvern. You headbutt the wyvern!
The wyvern is almost dead.
The wyvern bites you. The wyvern barely misses you. The wyvern bites you.
You closely miss the wyvern.
The wyvern is almost dead.
The wyvern bites you. x2
* * * LOW HITPOINT WARNING * * *
The wyvern bites you but does no damage.
You slash the wyvern!
You kill the wyvern!
The wyvern completely misses you. The wyvern bites you!
* * * LOW HITPOINT WARNING * * *
You feel your intelligence returning.
Your Axes skill increases to level 8!
Your Dodging skill increases to level 1!
Your Shields skill increases to level 10!
You closely miss the wyvern. Your headbutt misses the wyvern.
The wyvern barely misses you. You furiously retaliate!
You headbutt the wyvern!
The wyvern bites you but does no damage.
The wyvern bites you.
* * * LOW HITPOINT WARNING * * *
Unknown command.
You feel better. The wyvern bites you!
* * * LOW HITPOINT WARNING * * *
The wyvern bites you!
You die...

++ .. .. ##
##.#### .# #.
...# .#$ ##
..## #l#
#.##..#
##@###..#..#
+.<.'##.'..#
##.##.#.#....#
#+###.##.....§≈


B#B ###≈≈.....≈# .. .. §≈≈§≈..≈# ##$ .## ≈≈≈§≈≈.≈# ## ## ≈≈≈≈§≈≈≈≈# §≈§≈≈≈≈ You
could see a wyvern.

Vanquished Creatures
  A wyvern (D)
  4 neqoxecs (D)
  Menkaure (D)
  A water moccasin (D)
7 creatures vanquished.

Notes
Turn   | Place    | Note
-------+----------+-------------------------------------------
     0 | D        | boopmooplesden the Minotaur Fighter began the quest for the
                  | Orb.
     0 | D        | Reached XP level 1. HP: 19/19 MP: 0/0
     1 | D        | Noticed a boulder beetle
     1 | D        | Noticed a boulder beetle
     4 | D        | Noticed a neqoxec
     4 | D        | Noticed a neqoxec
     9 | D        | Gained mutation: You are dopey. (Int -2) [a neqoxec]
    11 | D        | Killed a neqoxec
    12 | D        | Reached XP level 2. HP: 12/34 MP: 1/1
    12 | D        | Reached XP level 3. HP: 14/39 MP: 2/2
    12 | D        | Reached XP level 4. HP: 16/47 MP: 3/3
    16 | D        | Killed a neqoxec
    17 | D        | Reached XP level 5. HP: 21/57 MP: 4/4
    19 | D        | Noticed a neqoxec
    19 | D        | Gained mutation: You occasionally shout uncontrollably at
                  | your foes. [a neqoxec]
    19 | D        | Noticed a water moccasin
    23 | D        | Gained mutation: Your body sometimes deteriorates upon
                  | taking damage. [a neqoxec]
    23 | D        | Gained mutation: You tend to lose your temper in combat. [a
                  | neqoxec]
    25 | D        | Killed a neqoxec
    26 | D        | Reached skill level 10 in Fighting
    26 | D        | Reached skill level 10 in Armour
    26 | D        | Reached XP level 6. HP: 7/66 MP: 5/5
    32 | D        | Killed a water moccasin
    35 | D        | Noticed Menkaure
    44 | D        | Killed Menkaure
    45 | D        | Reached XP level 7. HP: 26/74 MP: 6/6
    47 | D        | Noticed a neqoxec
    58 | D        | Lost intelligence.
    61 | D        | Gained mutation: You are frail. (-10% HP) [a neqoxec]
    62 | D        | Gained mutation: You often lose your temper in combat. [a
                  | neqoxec]
    63 | D        | Gained mutation: You are weak. (Str -2) [a neqoxec]
    65 | D        | Gained mutation: You are very dopey. (Int -4) [a neqoxec]
    66 | D        | Killed a neqoxec
   258 | D        | Noticed a wyvern
   258 | D        | Noticed a wyvern
   268 | D        | Killed a wyvern
   269 | D        | Reached skill level 1 in Dodging
   269 | D        | Reached skill level 10 in Shields
   269 | D        | HP: 3/67 [wyvern (3)]
   270 | D        | Slain by a wyvern

Illustrated notes

Levels and vault maps discovered:
D:        the_violet_keep_of_menkaure [sprint2_stairs_cluster_1,
          sprint2_shoproom, sprint2_temple, sprint2_basic_supplies,
          sprint2_obstacle_7, sprint2_obstacle_6, sprint2_obstacle_2,
          sprint2_obstacle_3, sprint2_obstacle_1, sprint2_timed_cluster_1,
          sprint2_smallroom_cluster_1, sprint2_smallroom_final_cluster_1,
          sprint2_transparent_cluster_1, sprint2_second_timed_cluster_1,
          sprint2_sniper_area_1, sprint2_heavy_combat_area_1,
          sprint2_mutation_trap_area_1, sprint2_forest_area_1,
          sprint2_light_combat_area_1, sprint2_behind_water_1,
          sprint2_near_end_vault_1]

Skill      XL: |  1  2  3  4  5  6  7 |
---------------+----------------------+-----
Fighting       | 7 9 10 11 | 11.7
Axes           | 4 6 7 8 |  8.4
Armour         | 7 9 10 11 | 11.8
Shields        | 7 8 9 10 | 10.1
Dodging        | 1 |  1.2

Action                   |  1- 3 |  4- 6 |  7- 9 || total
-------------------------+-------+-------+-------++-------
Melee: War axe           |     5 |    18 |    23 ||    46
       Headbutt          |     2 |     3 |     5 ||    10
  Use: Potion            |     1 |     1 |     1 ||     3
Armor: Scale mail        |       |     4 |    11 ||    15
Dodge: Dodged            |     1 |     3 |     7 ||    11
Block: Buckler           |     1 |     2 |     6 ||     9
